 Dungeon Crawl Stone Soup version 0.29-a0-1047-g7c58e119a4 (webtiles) character file.

Game seed: 5667092566115444504

5 IdlyInterested the Magician (level 1, -1/14 HPs)
             Began as a Demonspawn Wanderer on Aug 16, 2022.
             Slain by a quokka (5 damage)
             ... on level 1 of the Dungeon.
             The game lasted 00:01:26 (342 turns).

IdlyInterested the Magician (Demonspawn Wanderer)    Turns: 342, Time: 00:01:27

Health: -1/14      AC:  2    Str: 12    XL:     1   Next: 66%
Magic:  4/4        EV: 11    Int: 15    God:
Gold:   8          SH:  0    Dex: 10    Spells: 6/6 levels left

rFire   . . .      SeeInvis .   e - +0 dagger (speed)
rCold   . . .      Faith    .   (no shield)
rNeg    . . .      Spirit   .   d - +0 robe
rPois   .          Reflect  .   (no helmet)
rElec   .          Harm     .   (no cloak)
rCorr   .          Rampage  .   (no gloves)
Will    .....                   (no boots)
Stlth   +.........              (no amulet)
HPRegen 0.04/turn               (no ring)
MPRegen 0.09/turn               (no ring)

@: no status effects
A: no striking features
a: no special abilities


You were on level 1 of the Dungeon.
You visited 1 branch of the dungeon, and saw 1 of its levels.

You collected 8 gold pieces.

Inventory:

Hand Weapons
 a - a +0 dagger
 e - a +0 dagger of speed (weapon)
Missiles
 b - 11 poisoned darts (quivered)
Armour
 d - a +0 robe (worn)
Scrolls
 f - a scroll of identify {unknown}
Potions
 c - a potion of mutation


   Skills:
 * Level 0.5 Fighting
 + Level 0.2 Short Blades
 - Level 1.0 Throwing
 + Level 1.8 Armour
 - Level 3.0 Spellcasting
 * Level 2.8 Air Magic
 - Level 1.2 Invocations


You had 6 spell levels left.
You didn't know any spells.
Your spell library contained the following spells:

 Spells                   Type           Power      Damage    Failure   Level
 Shock                    Conj/Air       24%        1d4       11%         1
 Poisonous Vapours        Pois/Air       12%        N/A       17%         2
 Freeze                   Ice            8%         1d3       21%         1
 Mephitic Cloud           Conj/Pois/Air  5%         N/A       38%         3
 Ozocubu's Armour         Ice            2%         N/A       52%         3


Dungeon Overview and Level Annotations

Branches:
Dungeon (1/15)

Altars:


Message History

There is an open door here.
You barely miss the ball python. You closely miss the ball python.
The ball python barely misses you. x2
You hit the ball python.
The ball python is moderately wounded.
The ball python misses you. The ball python closely misses you.
You hit the ball python.
You kill the ball python!
f - a scroll labelled WYOM SIWKIHE You now have 8 gold pieces.
A ball python comes into view.
A quokka comes into view.
The ball python hisses angrily.
A goblin comes into view. It is wielding a +0 club.
The goblin shouts!
A ball python comes into view.
The ball python bites you. The ball python barely misses you.
You barely miss the ball python.
The ball python hisses angrily.
The quokka bites you. The ball python closely misses you. x2
The quokka attacks as you move away! The quokka closely misses you.
The quokka bites you.
The ball python attacks as you move away!
The ball python bites you.
The ball python bites you but does no damage.
The ball python grabs you. The ball python constricts you.
You escape the ball python's grasp.
The ball python attacks as you move away!
The ball python bites you.
The quokka twitches its whiskers.
You open the door. The ball python bites you. The ball python grabs you.
The ball python constricts you.
You escape the ball python's grasp.
There is an open door here.
The quokka attacks as you move away! The quokka bites you.
* * * LOW HITPOINT WARNING * * *
The quokka closely misses you.
You hit the quokka but do no damage. You closely miss the quokka.
The quokka bites you.
You die...

#...... #.....# #.# +.....#
#.....### #.# #.....# +..<..'.#
#.###+### ###.....# #.....#.#
#.......# ##.......####.....#.#
#.......#
............#######.####.......#
............# #...............#
......###...# #.########......#
...S..# #...# #@# #.†....#
......# #...####r#### #......#
......# #....S.gS...# #......#
......# ###....S....# ####'####
......# #.........# #.....
####### #.........# ##########
#.........# #.......#
#.........# #.#####.#
######'#### #.# #.#


You could see a quokka, a goblin and 2 ball pythons.

Vanquished Creatures
  A dart slug (D:1)
  A goblin (D:1)
  A ball python (D:1)
  A frilled lizard (D:1)
4 creatures vanquished.

Notes
Turn   | Place    | Note
-------+----------+-------------------------------------------
     0 | D:1      | IdlyInterested the Demonspawn Wanderer began the quest for
                  | the Orb.
     0 | D:1      | IdlyInterested set off with the following items: a +0
                  | dagger, 11 poisoned darts, a potion of mutation, a +0 robe;
                  | and the following spells available to memorise: Shock,
                  | Poisonous Vapours, Freeze, Mephitic Cloud, Ozocubu's
                  | Armour.
     0 | D:1      | Reached XP level 1. HP: 13/13 MP: 4/4
   342 | D:1      | Slain by a quokka

Illustrated notes

Levels and vault maps discovered:
D:1:      minmay_arrival_checkered_box, layout_basic, patterned_corridor

Action                   || total
-------------------------++-------
Melee: Dagger            ||    17
Throw: Dart              ||     2
Armor: Robe              ||     1
Dodge: Dodged            ||    13

Table legend: (Time is in decaauts)
 A = Elapsed time spent in this place.
 B = Non-inter-level travel time spent in this place.
 C = Inter-level travel time spent in this place.
 D = Time resting spent in this place.
 E = Time spent auto-exploring this place.
 F = Levels seen in this place.
 G = Mean time per level.
                   A        B        C        D        E       F      G
               +--------+--------+--------+--------+--------+-----+--------+
         Total |    339 |    339 |      0 |    217 |     67 |   1 |  339.0 |
       Dungeon |    339 |    339 |      0 |    217 |     67 |   1 |  339.0 |
               +--------+--------+--------+--------+--------+-----+--------+

Top non-repeatable levels by time:
     D:1: 339 daAuts
